Map: 16 bits EC

Players

HoldTheDoor - Winner!

  • Race: Protoss Protoss
  • League: Diamond
  • Spawn Location: 1:00

wallbrake

  • Race: Zerg Zerg
  • League: Platinum
  • Spawn Location: 7:00

VOD

Have the link to the VOD?

Description

Time

  • Played on: July 5, 2018, 1:07 p.m.
  • Length: 8:32
Show
View Real Time Build Order
Export as new Build Order

HoldTheDoor Protoss - Winner!

Build Orders:  

Get SALT Encoding   

  12  0:00  Probe  
  13  0:12  Probe  
  14  0:19  Pylon  
  14  0:24  Probe  
  15  0:36  Probe  
  15  0:40  Gateway  
  16  0:45  Assimilator, Probe  
  17  0:53  Probe  
  18  1:05  Probe  
  19  1:20  Probe, Gateway  
  19  1:23  Assimilator  
  20  1:28  Cybernetics Core  
  20  1:37  Zealot, Pylon  
  20  1:39  Probe  
  23  1:55  Probe  
  23  1:59  Warp Gate, Pylon  
  24  2:06  Adept  
  24  2:07  Probe  
  27  2:18  Sentry  
  27  2:19  Probe  
  30  2:33  Adept  
  30  2:36  Probe  
  33  2:44  Adept  
  33  2:48  Probe  
  36  3:01  Twilight Council, Probe  
  37  3:10  Robotics Facility  
  37  3:13  Probe  
  37  3:15  Pylon  
  38  3:26  Probe  
  39  3:37  Resonating Glaives  
  39  3:45  Nexus  
  39  3:47  Probe  
  40  3:57  Warp Prism  
  42  4:03  Sentry  
  44  4:10  Sentry  
  44  4:15  Pylon  
  46  4:17  Probe  
  47  4:26  Pylon  
  47  4:32  Gateway  
  47  4:35  Probe  
  48  4:44  Adept x2  
  48  4:45  Immortal  
  52  4:56  Probe  
  57  5:00  Probe  
  58  5:08  Probe  
  58  5:10  Adept  
  58  5:12  Probe  
  62  5:20  Probe, Gateway  
  63  5:46  Immortal  
  63  5:53  Adept  
  63  5:54  Adept x2  
  73  5:59  Probe x2  
  73  6:03  Pylon  
  75  6:11  Probe  
  76  6:12  Gateway  
  76  6:15  Gateway x2  
  76  6:16  Gateway  
  76  6:18  Gateway  
  76  6:19  Pylon  
  76  6:31  Adept  
  76  6:32  Adept x3  
  84  6:56  Adept x4  
  92  7:07  Pylon  
  92  7:09  Pylon  
  92  7:14  Adept  
  94  7:22  Pylon  
  94  7:25  Pylon  
  94  7:26  Pylon  
  94  7:28  Pylon  
  94  7:30  Adept x7, Pylon  
  108  7:41  Adept  
  108  7:42  Adept  
  84  8:02  Adept x7  
  92  8:22  Adept x4  
  92  8:23  Adept x2  
Show
View Real Time Build Order
Export as new Build Order

wallbrake Zerg 

Build Orders: Pool First 

Get SALT Encoding   

  12  0:01  Drone  
  13  0:14  Overlord  
  13  0:23  Drone  
  14  0:33  Drone x2  
  16  0:37  Drone  
  17  0:49  Spawning Pool  
  16  0:51  Extractor  
  16  0:52  Drone  
  16  0:57  Drone  
  17  1:22  Hatchery  
  16  1:28  Drone  
  17  1:32  Drone  
  17  1:36  Zergling x2  
  19  1:44  Drone  
  20  1:50  Queen  
  22  2:00  Overlord  
  22  2:11  Overlord  
  22  2:17  Metabolic Boost  
  22  2:23  Baneling Nest, Drone  
  22  2:32  Drone  
  22  2:36  Queen  
  25  2:46  Zergling x6  
  28  2:51  Drone  
  28  2:55  Drone  
  30  3:07  Drone x4  
  34  3:19  Drone  
  35  3:20  Overlord  
  35  3:22  Drone  
  36  3:28  Drone x2  
  36  3:33  Spore Crawler  
  37  3:37  Spore Crawler  
  37  3:38  Drone x2  
  38  3:47  Drone x3  
  41  3:53  Drone  
  41  3:54  Drone x3  
  45  3:56  Drone  
  46  4:08  Drone x2  
  47  4:12  Extractor  
  47  4:14  Lair  
  47  4:15  Extractor, Zergling x2  
  46  4:25  Extractor, Drone x3  
  46  4:26  Drone  
  49  4:32  Zergling x4  
  51  4:39  Hatchery  
  51  4:41  Overlord, Zergling x2  
  51  4:44  Overlord  
  52  5:00  Overlord, Zergling x4  
  52  5:06  Baneling x2  
  53  5:08  Baneling x2, Zergling x2  
  53  5:09  Zergling x2  
  55  5:17  Hydralisk Den  
  55  5:19  Drone x2  
  56  5:22  Evolution Chamber  
  56  5:23  Drone x3  
  56  5:24  Drone x2  
  56  5:27  Drone x2  
  62  5:30  Queen  
  57  5:58  Hydralisk  
  57  5:59  Hydralisk x5  
  69  6:10  Spore Crawler  
  68  6:11  Drone  
  68  6:12  Drone x6  
  68  6:16  Zerg Missile Weapons Level 1  
  68  6:17  Grooved Spines  
  75  6:24  Drone x2  
  75  6:25  Drone x2, Spore Crawler  
  78  6:42  Zergling x6  
  78  6:43  Overlord  
  78  6:44  Overlord x2  
  81  6:52  Overlord x3  
  81  7:03  Zergling x6  
  81  7:04  Zergling x10  
  89  7:08  Baneling  
  89  7:09  Baneling x3  
  89  7:13  Hydralisk, Pneumatized Carapace  
  89  7:14  Hydralisk x2  
  95  7:27  Hydralisk x4  
  95  7:28  Hydralisk x2  
  107  7:30  Zergling x2  
  105  7:38  Hydralisk  
  105  7:39  Hydralisk x2  
  85  7:46  Zergling x6  
  85  7:47  Zergling x4  
  80  7:55  Hydralisk x2  
  80  7:56  Hydralisk x2  
  79  7:59  Zergling x6  
Tags
 
Add a new tag
Caveats
  • Supply blocks, unpowered buildings, or Contaminate may cause inaccurate times.
  • Supply counts are checked every 10 seconds.